 Dungeon Crawl Stone Soup version 0.17-a0-737-gf0a300a (webtiles) character file.

130 Ngotmuk the Shield-Bearer (level 4, 0/42 HPs)
             Began as a Deep Dwarf Fighter on Apr 21, 2015.
             Slain by a worker ant (2 damage)
             ... on level 4 of the Dungeon.
             The game lasted 00:07:28 (2117 turns).

Ngotmuk the Shield-Bearer (Deep Dwarf Fighter)      Turns: 2117, Time: 00:07:28

Health: 0/42       AC:  7    Str: 20    XL:     4   Next: 90%
Magic:  4/4        EV:  7    Int:  9    God:
Gold:   168        SH:  9    Dex: 12    Spells: 0 memorised, 3 levels left

rFire  . . .     SeeInvis .     a - +0 flail
rCold  . . .     Clarity  +     b - +0 scale mail
rNeg   . . .     SustAb   .     c - +0 shield
rPois  .         Gourm    .     (no helmet)
rElec  .         Spirit   .     (no cloak)
rCorr  .         Warding  .     (no gloves)
rMut   .         Stasis   .     (no boots)
MR     .....                    n - amulet of clarity
Stlth  ..........               (no ring)
                                (no ring)

@: non-regenerating, not resistant to hostile enchantments, extremely unstealthy
A: damage resistance, recharge devices, sense surroundings 1, slow healing 3
a: Device Recharging


You were on level 4 of the Dungeon.
You were very hungry.

You visited 1 branch of the dungeon, and saw 4 of its levels.

You collected 168 gold pieces.

Inventory:

Hand weapons
 a - a +0 flail (weapon)
Armour
 b - a +0 scale mail (worn)
 c - a +0 shield (worn)
Jewellery
 n - an amulet of clarity (around neck)
Magical devices
 e - a wand of heal wounds (3)
Scrolls
 g - 2 scrolls of random uselessness {unknown}
 l - 3 scrolls of identify {unknown}
 o - 2 scrolls of amnesia {unknown}
 s - 3 scrolls of remove curse {unknown}
 u - 2 scrolls of teleportation {unknown}
Potions
 d - a potion of might
 h - 4 potions of curing {unknown}
 j - a potion of restore abilities {unknown}
 m - 2 potions of heal wounds {unknown}
 p - 2 potions of mutation {unknown}
 q - a potion of resistance {unknown}
 r - a potion of haste {unknown}
 v - a potion of flight {unknown}
Books
 t - a book of Changes

   Spells                             Type                      Level
   a - Beastly Appendage              Transmutation                1
   b - Sticks to Snakes               Transmutation                2
   c - Spider Form                    Transmutation/Poison         3
   d - Ice Form                       Ice/Transmutation            4
   e - Blade Hands                    Transmutation                5
Comestibles
 f - 6 bread rations
 i - a slice of pizza
 k - 5 meat rations


   Skills:
 + Level 3.5 Fighting
 + Level 2.8 Maces & Flails
 + Level 4.1 Armour
 + Level 4.3 Shields


You had 3 spell levels left.
You didn't know any spells.

Dungeon Overview and Level Annotations

Branches:
Dungeon (4/15)
 Temple: D:4-7

Altars:
Xom
Yredelemnul
The Shining One


Innate Abilities, Weirdness & Mutations

You are resistant to damage.
You can recharge devices by infusing magical energy.
You passively map a small area around you.
You do not heal naturally.


Message History

The orc hits you with a short sword.
* * * LOW HITPOINT WARNING * * *
You hit the orc but do no damage.
The orc is heavily wounded.
The orc barely misses you.
You closely miss the orc.
The orc is heavily wounded.
You block the orc's attack.
You closely miss the orc.
The orc is heavily wounded.
The orc closely misses you.
The worker ant waves its antennae.
The orc barely misses you.
You hit the orc.
You kill the orc!
You block the worker ant's attack.
You barely miss the worker ant. The worker ant bites you.
* * * LOW HITPOINT WARNING * * *
You closely miss the worker ant. The worker ant bites you.
You die...

*,#.#..#.#..#.# , ,
,#.#..+.'.)#.# ,,
#.####.##'#.# *
#...........# ,
,#.####.##'#.# *
.#.#..#.#).#.#
#.#.#.)'[+..#.# ,
#.#.#'##.####.#
..#..@........# * ,
#.#.#a##.####)# * *
* #.#.#..#.#, #.#,
#.#.#..+.+ #.#,
#.#.####.####.#
#.............#,#
#.#############.#
#...............#
########>###.######


You could see a worker ant.

Vanquished Creatures
  An orc wizard (D:4)
  3 adders
  3 worms (D:3)
  2 giant geckos (D:1)
  2 orcs (D:4)
  A bat skeleton (D:3)
  2 giant cockroaches (D:2)
  13 hobgoblins
  2 jackals (D:1)
  8 kobolds
  2 ball pythons (D:3)
  5 bats
  3 giant newts
  9 goblins
  A quokka (D:3)
  8 rats
65 creatures vanquished.

Notes
Turn   | Place    | Note
--------------------------------------------------------------
     0 | D:1      | Ngotmuk, the Deep Dwarf Fighter, began the quest for the Orb.
     0 | D:1      | Reached XP level 1. HP: 20/20 MP: 1/1
   241 | D:1      | Reached XP level 2. HP: 25/27 MP: 2/2
   401 | D:1      | Found a glowing golden altar of the Shining One.
   625 | D:2      | Found a basalt altar of Yredelemnul.
   628 | D:2      | Found a shimmering altar of Xom.
  1129 | D:2      | Reached XP level 3. HP: 25/34 MP: 3/3
  1308 | D:3      | HP: 1/34 [hobgoblin/club (2)]
  1330 | D:3      | Reached skill level 4 in Shields
  1756 | D:3      | Reached XP level 4. HP: 4/42 MP: 4/4
  2116 | D:4      | HP: 2/42 [worker ant (1)]
  2117 | D:4      | Slain by a worker ant

Action                   |  1- 3 |  4- 6 || total
-------------------------+-------+-------++-------
Melee: Flail             |   168 |    51 ||   219
Evoke: Wand              |     1 |     1 ||     2
  Eat: Beef jerky        |     2 |       ||     2
